 Dungeon Sprint DCSS version 0.19.1-1-g22dce08 (webtiles) character file.

86 lorenzova the Thaumaturge (level 4, -2/24 HPs)
             Began as a Deep Elf Conjurer on Jan 3, 2017.
             Was an Initiate of Vehumet.
             Slain by a black bear (5 damage)
             ... in the Dungeon (Sprint V: "Ziggurat Sprint").
             The game lasted 00:04:51 (97 turns).

lorenzova the Thaumaturge (Deep Elf Conjurer)         Turns: 97, Time: 00:04:51

Health: -2/24      AC:  2    Str:  5    XL:     4   Next: 26%
Magic:  8/17       EV: 13    Int: 21    God:    Vehumet [......]
Gold:   0          SH:  0    Dex: 15    Spells: 1 memorised, 21 levels left

rFire  . . .     SeeInvis +     T - +9 heavy crossbow "Sniper" {velocity, nevermiss, SInv}
rCold  . . .     Gourm    .     a - +0 robe
rNeg   . . .     Faith    .     (shield currently unavailable)
rPois  .         Spirit   .     (no helmet)
rElec  .         Reflect  .     (no cloak)
rCorr  .         Harm     .     (no gloves)
MR     .....     NoTele   +     (no boots)
Stlth  ++........               (no amulet)
                                (no ring)
                                (no ring)

@: no status effects
A: no striking features
a: Renounce Religion


You were in the Dungeon.
You worshipped Vehumet.
Vehumet was noncommittal.
You were not hungry.

You visited 1 branch

Inventory:

Hand Weapons
 K - the +6 Majin-Bo {vamp, Archmagi MP+6 Int+6}
   (You found it in the Dungeon)

   It inflicts no extra harm, but heals its wielder when it wounds a living foe.
   It affects your intelligence (+6).
   It affects your magic capacity (+6).
 L - the +6 shillelagh "Devastator" {shatter}
   (You found it in the Dungeon)
 M - the +9 sword of Zonguldrok {reap}
   (You found it in the Dungeon)

   If a monster killed with it leaves a corpse in good enough shape, the corpse
   will be animated as a zombie friendly to the killer.
 N - the +10 dark maul {crush}
   (You found it in the Dungeon)

   It inflicts extra damage upon your enemies.
 T - the +9 heavy crossbow "Sniper" (weapon) {velocity, nevermiss, SInv}
   (You found it in the Dungeon)

   Any bolt fired from it inflicts extra damage.
   It lets you see invisible.
Missiles
 U - 996 bolts (quivered)
Armour
 a - a +0 robe (worn)
 O - a +3 buckler
 P - +5 storm dragon scales
 Q - +5 shadow dragon scales
 R - +5 fire dragon scales
 S - +5 ice dragon scales
Magical Staves
 C - an uncursed staff of energy
Jewellery
 E - a +6 ring of dexterity
 F - a +6 ring of dexterity
 G - a +6 ring of intelligence
 H - a +6 ring of intelligence
 I - a +6 ring of strength
 J - a +6 ring of strength
Wands
 y - a wand of disintegration (7/24)
 z - a wand of iceblast (5/15)
 A - a wand of lightning (5/15)
 B - a wand of acid (5/15)
Scrolls
 i - 4 scrolls of blinking
 p - 4 scrolls of amnesia
 q - 3 scrolls of recharging
 r - 7 scrolls of fog
 s - a scroll of holy word
 t - 5 scrolls of identify
 u - 5 scrolls of remove curse
 v - 2 scrolls of fear
Potions
 d - 10 potions of curing
 e - 10 potions of heal wounds
 f - 6 potions of haste
 g - 7 potions of magic
 h - 3 potions of berserk rage
 j - 2 potions of brilliance
 k - 2 potions of invisibility
 l - 4 potions of resistance
 n - 5 potions of agility
 o - 5 potions of might
Books
 b - a book of Conjurations

   Spells                             Type                      Level
   a - Magic Dart                     Conjuration                  1
   b - Searing Ray                    Conjuration                  2
   c - Dazzling Spray                 Conjuration/Hexes            3
   d - Fulminant Prism                Conjuration/Hexes            4
   e - Iskenderun's Mystic Blast      Conjuration                  4
   f - Iskenderun's Battlesphere      Conjuration/Charms           5
Miscellaneous
 D - a crystal ball of energy
Comestibles
 c - 5 bread rations
 w - 42 fruits
 x - 4 meat rations


   Skills:
 - Level 2.4 Dodging
 - Level 2.4 Stealth
 + Level 9.6 Spellcasting
 + Level 8.9 Conjurations


You had 21 spell levels left.
You knew the following spells:

 Your Spells              Type           Power        Failure   Level  Hunger
a - Magic Dart            Conj           ####         1%          1    None


Dungeon Overview and Level Annotations

Branches:
Dungeon (1/1)

Altars:
Ashenzari
Cheibriados
Dithmenos
Elyvilon
Fedhas
Gozag
Hepliaklqana
Kikubaaqudgha
Makhleb
Nemelex Xobeh
Okawaru
Qazlal
Ru
Sif Muna
Trog
Uskayaw
Vehumet
Xom
Yredelemnul
Zin
The Shining One
Beogh
Jiyva
Lugonu


Message History

The black bear claws you. The black bear barely misses you.
The black bear bites you. The black bear closely misses you.
The black bear claws you.
Firing (i - inventory):
U - 998 bolts (quivered)
Press: ? - help, Shift-Dir - straight line, f - black bear
Aim: a black bear You shoot a bolt.
The bolt hits the black bear!
The black bear is severely wounded.
The black bear bites you! The black bear misses you.
The black bear closely misses you. The black bear bites you.
* * * LOW HITPOINT WARNING * * *
The black bear closely misses you. The black bear claws you.
* * * LOW HITPOINT WARNING * * *
Firing (i - inventory):
U - 997 bolts (quivered)
Press: ? - help, Shift-Dir - straight line, f/p - black bear
Aim: a black bear (severely wounded)
You shoot a bolt. The bolt hits the black bear!
The black bear is almost dead.
The black bear goes berserk!
The black bear bites you.
You die...

▓▓▓▓▓▓▓
▓.8©8.▓
▓.....▓
▓.(.|.▓
▓.....▓
▓..(h.▓
▓..@..▓
▓▓▓▓▓▓▓


You could see a black bear (berserk).

Vanquished Creatures
  A wolf (D)
1 creature vanquished.

Notes
Turn   | Place    | Note
-------+----------+-------------------------------------------
     0 | D        | lorenzova the Deep Elf Conjurer began the quest for the Orb.
     0 | D        | Reached XP level 1. HP: 10/10 MP: 6/6
     0 | D        | Found a deep blue altar of Sif Muna.
     0 | D        | Found a sacrificial altar of Ru.
     0 | D        | Found a bloodstained altar of Trog.
     0 | D        | Found a stormy altar of Qazlal.
     0 | D        | Found an iron altar of Okawaru.
     0 | D        | Found a sparkling altar of Nemelex Xobeh.
     0 | D        | Found a blossoming altar of Fedhas.
     2 | D        | Found an ancient bone altar of Kikubaaqudgha.
     2 | D        | Found a viscous altar of Jiyva.
     2 | D        | Found a corrupted altar of Lugonu.
     2 | D        | Found a hazy altar of Hepliaklqana.
     2 | D        | Found a burning altar of Makhleb.
     2 | D        | Found an opulent altar of Gozag.
    16 | D        | Became a worshipper of Vehumet
    90 | D        | Reached skill level 7 in Spellcasting
    90 | D        | Reached XP level 2. HP: 15/15 MP: 6/12
    93 | D        | Entered arena 1.
    93 | D        | Noticed a wolf
    93 | D        | Noticed a black bear
    95 | D        | Killed a wolf
    95 | D        | Reached skill level 9 in Spellcasting
    95 | D        | Reached XP level 3. HP: 19/19 MP: 6/16
    95 | D        | Reached XP level 4. HP: 24/24 MP: 6/17
    97 | D        | Slain by a black bear

Skill      XL: |  1  2 |
---------------+-------+-----
Spellcasting   | 7 9 |  9.6
Conjurations   | 7 8 |  8.9
Dodging        | |  2.4
Stealth        | |  2.4

Action                   |  1- 3 |  4- 6 || total
-------------------------+-------+-------++-------
 Fire: Heavy crossbow    |     2 |     2 ||     4
  Use: Potion            |     1 |       ||     1
Armor: Robe              |       |     1 ||     1
Dodge: Dodged            |     3 |     8 ||    11
